[Event "Titled Tuesday Blitz May 10 Late 2022"]
[White "Stoleriu, George"]
[Black "Bas Mas, Jose Joaquin"]
[WhiteFideId "1227505"]
[BlackFideId "22219064"]
[WhiteElo "2194"]
[BlackElo "2233"]
[Result "1-0"]
[Round "05"]
[TimeControl "180+1"]
[Date "2022.05.11"]
[WhiteClock "0:02:18"]
[BlackClock "0:01:36"]

1. e4 c5 2. Nf3 e6 3. b3 Nc6 4. Bb2 a6 5. g3 d6 6. Bg2 Nf6 7. O-O Be7 8. Re1 O-O 9. d4 cxd4 10. Nxd4 Bd7 11. c4 e5 12. Nc2 b5 13. Ne3 Be6 14. cxb5 axb5 15. Nc3 b4 16. Ncd5 Nd7 17. Qd2 Bg5 18. f4 exf4 19. gxf4 Bh6 20. Qf2 Nc5 21. Red1 f6 22. Nc4 Rb8 23. Nde3 Nb7 24. Rac1 Qb6 25. Nxb6 1-0


[Site "https://www.chess.com"]

[Event "Titled Tuesday Blitz May 10 Late 2022"]
[White "Svane, Frederik"]
[Black "Arabidze, Meri"]
[WhiteFideId "12923044"]
[BlackFideId "13604040"]
[WhiteElo "2459"]
[BlackElo "2335"]
[Result "1-0"]
[Round "05"]
[TimeControl "180+1"]
[Date "2022.05.10"]
[WhiteClock "0:02:31"]
[BlackClock "0:00:16"]

1. e4 c5 2. Nf3 e6 3. d4 cxd4 4. Nxd4 Nc6 5. Be2 d6 6. O-O Nf6 7. Nc3 Be7 8. Be3 O-O 9. f4 a6 10. Kh1 Nxd4 11. Bxd4 b5 12. a3 Bb7 13. Bf3 Qc7 14. Qe1 Rfe8 15. Qg3 g6 16. f5 e5 17. Be3 Rac8 18. Rad1 Qb8 19. Bg5 Rxc3 20. bxc3 Qc7 21. Qh4 Kg7 22. Be2 Ng8 23. f6+ Nxf6 24. Bxf6+ Bxf6 25. Qxf6+ Kg8 26. Rxd6 Bxe4 27. Bg4 Qb7 28. Rd7 1-0


[Site "https://www.chess.com"]

[Event "Titled Tuesday Blitz May 10 Late 2022"]
[White "Svane, Rasmus"]
[Black "Leiva, Gianmarco"]
[WhiteFideId "4657101"]
[BlackFideId "3804399"]
[WhiteElo "2674"]
[BlackElo "2323"]
[Result "1-0"]
[Round "05"]
[TimeControl "180+1"]
[Date "2022.05.10"]
[WhiteClock "0:00:13"]
[BlackClock "0:00:01"]

1. Nf3 Nf6 2. g3 d5 3. Bg2 e6 4. O-O Be7 5. c4 O-O 6. b3 Nbd7 7. Bb2 c5 8. cxd5 Nxd5 9. Nc3 Nxc3 10. Bxc3 Qc7 11. d4 b6 12. Rc1 Bb7 13. dxc5 bxc5 14. Qc2 Rfc8 15. Nd2 Bxg2 16. Kxg2 a5 17. a4 Nb6 18. Qe4 Qc6 19. Qxc6 Rxc6 20. Rc2 Nd5 21. Rfc1 Bg5 22. e3 Bxe3 23. fxe3 Nxe3+ 24. Kf3 Nxc2 25. Rxc2 f6 26. Nc4 Rd8 27. Ke2 h5 28. Bxa5 Rb8 29. Rb2 Kf7 30. Bd2 h4 31. gxh4 Rh8 32. Be1 g5 33. hxg5 Rxh2+ 34. Bf2 Kg6 35. gxf6 Kxf6 36. Kf3 e5 37. Ke4 Rc8 38. Bg3 Rxb2 39. Bxe5+ Ke6 40. Nxb2 Rg8 41. Nd3 Rg4+ 42. Bf4 Rg1 43. Nxc5+ Ke7 44. Kd5 Kd8 45. Kc6 Kc8 46. Bd6 Rb1 47. a5 Ra1 48. a6 Ra3 49. b4 Ra2 50. b5 Kd8 51. b6 Kc8 52. b7+ Kd8 53. b8=Q# 1-0


[Site "https://www.chess.com"]

[Event "Titled Tuesday Blitz May 10 Late 2022"]
[White "Szabo, Marton Mihaly"]
[Black "Martinez Alcantara, Jose Eduardo"]
[WhiteFideId "787086"]
[BlackFideId "3805662"]
[WhiteElo "1984"]
[BlackElo "2690"]
[Result "0-1"]
[Round "05"]
[TimeControl "180+1"]
[Date "2022.05.10"]
[WhiteClock "0:00:01"]
[BlackClock "0:00:10"]

1. e4 c5 2. c4 d6 3. Nc3 Nc6 4. g3 g6 5. Bg2 Bg7 6. Nge2 Bg4 7. O-O Bxe2 8. Nxe2 e6 9. d3 Nge7 10. Rb1 O-O 11. a3 a5 12. Be3 Qb6 13. Qd2 a4 14. Bh6 Qa5 15. Qc1 Rac8 16. Bxg7 Kxg7 17. Qc3+ Qxc3 18. bxc3 Rc7 19. Rb5 Ne5 20. Rd1 Nd7 21. Bf1 g5 22. d4 b6 23. dxc5 dxc5 24. f4 gxf4 25. gxf4 Ng6 26. Kf2 h6 27. Ke3 Nf6 28. h3 Rb8 29. Rd6 Nd7 30. Ng3 Kf8 31. Be2 Ke7 32. e5 Rg8 33. Ne4 Nh4 34. Rxd7+ Rxd7 35. Nf6 Rg3+ 36. Kf2 Rg2+ 37. Ke1 Rb7 38. Ne4 Rh2 39. Nd6 Rb8 40. Bh5 Ng2+ 41. Kf1 Nxf4 42. Bxf7 Rxh3 43. Kf2 Rxc3 44. Bxe6 Kxe6 45. Ne4 Rxc4 0-1


[Site "https://www.chess.com"]

[Event "Titled Tuesday Blitz May 10 Late 2022"]
[White "Tatarinov, Dmitry"]
[Black "Dilmukhametov, Artur"]
[WhiteFideId "24160067"]
[BlackFideId "24179922"]
[WhiteElo "2302"]
[BlackElo "2206"]
[Result "0-1"]
[Round "05"]
[TimeControl "180+1"]
[Date "2022.05.11"]
[WhiteClock "0:00:39"]
[BlackClock "0:00:57"]

1. d4 d5 2. c4 dxc4 3. e3 Nf6 4. Bxc4 a6 5. Nf3 b5 6. Be2 Bb7 7. O-O e6 8. a4 b4 9. Nbd2 c5 10. dxc5 Nbd7 11. Nb3 Nxc5 12. Nfd2 Be7 13. Nxc5 Bxc5 14. Nb3 Bd6 15. Bf3 Bxf3 16. Qxf3 O-O 17. a5 Qc7 18. h3 Be5 19. Qe2 Rfd8 20. f4 Bd6 21. e4 Bc5+ 22. Kh1 Ba7 23. Bd2 Qc2 24. Rae1 Qxb3 25. Bc1 Rd3 26. e5 Ne4 27. Kh2 Rxh3+ 28. gxh3 Qg3+ 29. Kh1 Qxh3+ 30. Qh2 Ng3# 0-1


[Site "https://www.chess.com"]

[Event "Titled Tuesday Blitz May 10 Late 2022"]
[White "Urbina Perez, Juan Antonio"]
[Black "Leschinsky, Gary"]
[WhiteFideId "2217368"]
[BlackFideId "30951321"]
[WhiteElo "2192"]
[BlackElo "1782"]
[Result "1-0"]
[Round "05"]
[TimeControl "180+1"]
[Date "2022.05.11"]
[WhiteClock "0:00:13"]
[BlackClock "0:00:10"]

1. d4 d5 2. Nf3 Nf6 3. g3 Nc6 4. Bg2 Bf5 5. O-O e6 6. c3 Be7 7. Qb3 Na5 8. Qa4+ c6 9. Ne5 b5 10. Qd1 Rc8 11. b4 Nc4 12. Nxc4 bxc4 13. a4 O-O 14. Nd2 Re8 15. a5 Bd6 16. Re1 e5 17. dxe5 Bxe5 18. Bb2 Bg6 19. e4 h5 20. exd5 cxd5 21. Nf3 Bb8 22. Nd4 Be4 23. Qd2 Bxg2 24. Kxg2 Ne4 25. Qe2 Qd7 26. Qxh5 Re5 27. Qf3 Rce8 28. h4 Ng5 29. Rxe5 Nxf3 30. Rxe8+ Qxe8 31. Nxf3 Qe2 32. Bc1 Qc2 33. Be3 Qxc3 34. Rd1 Qxb4 35. Rxd5 Bd6 36. Bxa7 c3 37. Be3 c2 38. a6 Bc5 39. Bxc5 Qc4 40. Rd8+ Kh7 41. Be3 Qxa6 42. Rd5 f6 43. Rc5 Qa4 44. Nd4 c1=Q 45. Rxc1 Qa3 46. Rc7 Qd3 47. Kh2 Qe4 48. Rd7 Kg6 49. Ra7 Qd5 50. Rc7 Qe4 51. Ra7 Qd5 52. Ne2 Qf3 53. Nf4+ Kh7 54. Kg1 Qd1+ 55. Kg2 Qc2 56. Kh2 Qe4 57. Nh5 Kg6 58. Nxg7 Qf3 59. h5+ Kh7 60. Ne6+ Kg8 61. Nf4 Qg4 62. Kg2 Qd1 63. Ra8+ Kh7 64. Ra7+ Kg8 65. Ng6 Qb1 66. Nf4 Qe4+ 67. Kh2 Qf5 68. h6 Qg4 69. Rg7+ Kh8 70. Rxg4 f5 71. Rg5 Kh7 72. Rxf5 Kh8 73. Rg5 Kh7 74. Nh3 Kh8 75. f4 Kh7 76. f5 Kh8 77. f6 Kh7 78. f7 Kh8 79. f8=Q+ Kh7 80. Qg7# 1-0


[Site "https://www.chess.com"]

[Event "Titled Tuesday Blitz May 10 Late 2022"]
[White "Vajda, Levente"]
[Black "Maghsoodloo, Parham"]
[WhiteFideId "1203975"]
[BlackFideId "12539929"]
[WhiteElo "2573"]
[BlackElo "2630"]
[Result "0-1"]
[Round "05"]
[TimeControl "180+1"]
[Date "2022.05.10"]
[WhiteClock "0:00:19"]
[BlackClock "0:01:53"]

1. e4 c5 2. c3 d5 3. exd5 Qxd5 4. d4 g6 5. Nf3 Nc6 6. Be3 Bh6 7. Na3 cxd4 8. Nb5 Qd8 9. Nfxd4 Bxe3 10. fxe3 Bd7 11. Nxc6 bxc6 12. Nd4 Nf6 13. Bc4 Qb8 14. Nb3 O-O 15. Qf3 a5 16. O-O a4 17. Nc5 Qxb2 18. Nxd7 Nxd7 19. Bxf7+ Kg7 20. Qxc6 Ne5 21. Qd5 Nxf7 22. Rab1 Qxc3 23. Rxf7+ Rxf7 24. Qxa8 Qc2 25. Rf1 Rxf1+ 26. Kxf1 Qb1+ 27. Kf2 Qxa2+ 28. Kg3 Qa3 29. Qa7 Qd6+ 30. Kf3 a3 31. h4 Kf7 32. g4 Qd5+ 33. e4 Qb3+ 34. Kf4 a2 35. Qa5 Qc4 0-1


[Site "https://www.chess.com"]

[Event "Titled Tuesday Blitz May 10 Late 2022"]
[White "Vasquez Schroeder, Rodrigo"]
[Black "Al-Tarboush, Ward"]
[WhiteFideId "3400042"]
[BlackFideId "7601450"]
[WhiteElo "2567"]
[BlackElo "2294"]
[Result "1-0"]
[Round "05"]
[TimeControl "180+1"]
[Date "2022.05.10"]
[WhiteClock "0:00:09"]
[BlackClock "0:00:05"]

1. e4 e6 2. d4 d5 3. Nc3 Nf6 4. e5 Nfd7 5. Nce2 c5 6. c3 Nc6 7. f4 Qb6 8. a3 f6 9. Nf3 Be7 10. h4 a5 11. g3 Qc7 12. Bh3 Nb6 13. O-O Bd7 14. Kg2 O-O-O 15. dxc5 Bxc5 16. Ned4 Nxd4 17. cxd4 Be7 18. a4 Kb8 19. b3 Bb4 20. Bd2 Rc8 21. Rc1 Qd8 22. Bxb4 axb4 23. Qd2 Qe7 24. Rfd1 Rxc1 25. Rxc1 Rc8 26. Ne1 fxe5 27. fxe5 Nc4 28. Qe2 Na5 29. Rxc8+ Bxc8 30. Nd3 Nc6 31. Qe3 b6 32. Kf2 h6 33. h5 Ba6 34. Nf4 Bc8 35. Ke2 Qg5 36. Kd2 Na5 37. Kc2 Qe7 38. Kb2 Bd7 39. Qd3 Kb7 40. Qg6 Nc6 41. Bxe6 Nxd4 42. Bxd5+ Bc6 43. Bxc6+ Nxc6 44. e6 Qd6 45. Qxg7+ Ka6 46. Qg6 Qd2+ 47. Qc2 Qd4+ 48. Ka2 Qc5 49. Qe2+ Kb7 50. Ng6 Ne7 51. Nxe7 Qxe7 52. Qe4+ Ka7 53. Qd5 Ka6 54. Qa8+ 1-0


[Site "https://www.chess.com"]

[Event "Titled Tuesday Blitz May 10 Late 2022"]
[White "Villiers, Thomas"]
[Black "Hnydiuk, Aleksander"]
[WhiteFideId "427209"]
[BlackFideId "1109057"]
[WhiteElo "2164"]
[BlackElo "2374"]
[Result "1-0"]
[Round "05"]
[TimeControl "180+1"]
[Date "2022.05.11"]
[WhiteClock "0:00:25"]
[BlackClock "0:00:01"]

1. d4 Nf6 2. c4 g6 3. Nc3 Bg7 4. Nf3 O-O 5. e4 d6 6. Be2 e5 7. O-O Nc6 8. d5 Ne7 9. Qc2 Nh5 10. b4 f5 11. exf5 Bxf5 12. Ne4 Nf4 13. Bxf4 Bxe4 14. Qxe4 Rxf4 15. Qe3 Nf5 16. Qd2 Qf6 17. Rac1 Bh6 18. Qb2 Rf8 19. c5 e4 20. Qxf6 Rxf6 21. Nd2 Nd4 22. Bc4 Rg4 23. h3 Bxd2 24. hxg4 e3 25. fxe3 Bxe3+ 26. Kh1 Kg7 27. Rxf6 Kxf6 28. Re1 Bf4 29. Re8 Be5 30. Rc8 dxc5 31. bxc5 b6 32. d6 cxd6 33. c6 d5 34. Bxd5 Ke7 35. Ra8 Kd6 36. c7 Kxc7 37. Rxa7+ Kd6 38. Be4 g5 39. Rxh7 Bf4 40. Rg7 Ne2 41. Rg6+ Kc5 42. Bf3 Ng3+ 43. Kg1 Be3+ 44. Kh2 Bf4 45. Kh3 b5 46. Rg8 b4 47. Rc8+ Kb6 48. Bd5 Ka5 49. Rc2 Ne2 50. Rxe2 Kb6 51. Re4 Kc5 52. Bb3 Kd6 53. Re6+ Kc5 54. g3 Bd2 55. Kg2 Kb5 56. Kf3 Kc5 57. Ke4 Bc1 58. Kd3 Kb5 59. Kd4 Ba3 60. Kd5 Bb2 61. Bc4+ Ka5 62. Ra6# 1-0


[Site "https://www.chess.com"]

[Event "Titled Tuesday Blitz May 10 Late 2022"]
[White "Vovk, Orest"]
[Black "Postny, Evgeny"]
[WhiteFideId "14113490"]
[BlackFideId "2804344"]
[WhiteElo "2203"]
[BlackElo "2500"]
[Result "0-1"]
[Round "05"]
[TimeControl "180+1"]
[Date "2022.05.11"]
[WhiteClock "0:00:06"]
[BlackClock "0:00:06"]

1. g4 d5 2. h3 e5 3. Bg2 Nf6 4. c4 d4 5. d3 Nc6 6. Bxc6+ bxc6 7. Qa4 Bd7 8. Nf3 c5 9. Qa6 Bd6 10. Nbd2 O-O 11. g5 Nh5 12. Ne4 Qe7 13. Rg1 Rfb8 14. a3 Rb6 15. Qa5 Bc6 16. Nfd2 Bb7 17. b4 Ra6 18. Qb5 c6 19. Qxb7 Qxb7 20. Nxd6 Qd7 21. bxc5 Qxh3 22. N2e4 Rb8 23. Nf6+ Nxf6 24. gxf6 g6 25. Ne4 Qh2 26. Kf1 Qh3+ 27. Rg2 h5 28. f3 Rb3 29. Kf2 Ra4 30. Bg5 Raxa3 31. Rag1 Ra2 32. Rg3 Qh2+ 33. R1g2 Qh1 34. Rg1 Qh2+ 35. R1g2 Qxg2+ 36. Rxg2 Rxd3 37. Kg3 Rb3 38. Nd6 Rbb2 39. f4 Rxe2 40. Rxe2 Rxe2 41. fxe5 Rxe5 42. Bf4 Rxc5 43. Kf3 a5 44. Ke4 a4 45. Kxd4 Ra5 46. Bd2 Ra8 47. Bc3 a3 48. Ba1 a2 49. c5 h4 50. Ne4 h3 51. Ng3 h2 52. Ke3 Ra3+ 53. Kf2 Rxg3 54. Kxg3 h1=Q 55. Kf4 Qd5 0-1


[Site "https://www.chess.com"]

[Event "Titled Tuesday Blitz May 10 Late 2022"]
[White "Vusatiuk, Vladimir"]
[Black "Shapiro, Daniel"]
[WhiteFideId "14118610"]
[BlackFideId "2001780"]
[WhiteElo "2157"]
[BlackElo "2327"]
[Result "1-0"]
[Round "05"]
[TimeControl "180+1"]
[Date "2022.05.11"]
[WhiteClock "0:00:04"]
[BlackClock "0:00:30"]

1. d4 Nf6 2. c4 e6 3. Nc3 Bb4 4. e3 d5 5. Nf3 O-O 6. Bd3 b6 7. cxd5 exd5 8. O-O a6 9. Bd2 Nbd7 10. Ne5 Nxe5 11. dxe5 Ng4 12. f4 d4 13. Be4 Rb8 14. Nd5 Bxd2 15. Qxd2 dxe3 16. Qc2 Bb7 17. Rad1 Qh4 18. h3 Nf2 19. Rde1 Bxd5 20. Bxd5 Qxf4 21. e6 Qg3 22. exf7+ Kh8 23. Qf5 Rbd8 24. Qf3 Nxh3+ 25. Kh1 Nf2+ 26. Kg1 Qxf3 27. Bxf3 Nd3 28. Rxe3 Nxb2 29. Bc6 Nc4 30. Re8 1-0


[Site "https://www.chess.com"]

[Event "Titled Tuesday Blitz May 10 Late 2022"]
[White "Wartiovaara, Oliver"]
[Black "Tomaszewski, Kacper"]
[WhiteFideId "513024"]
[BlackFideId "1127373"]
[WhiteElo "1971"]
[BlackElo "2153"]
[Result "0-1"]
[Round "05"]
[TimeControl "180+1"]
[Date "2022.05.11"]
[WhiteClock "0:00:12"]
[BlackClock "0:00:57"]

1. e4 c5 2. Nf3 e6 3. d4 cxd4 4. Nxd4 a6 5. c4 Nf6 6. Nc3 Bb4 7. Qd3 Qc7 8. Nc2 Be7 9. Be2 O-O 10. Qg3 d6 11. Bh6 Ne8 12. O-O Kh8 13. Be3 Nd7 14. Rad1 b6 15. f4 Bb7 16. f5 Nef6 17. fxe6 fxe6 18. Nd4 Nc5 19. b4 Nfxe4 20. Nxe4 Nxe4 21. Qxg7+ Kxg7 22. Nxe6+ Kg8 23. Nxc7 Nc3 24. Rde1 Nxe2+ 25. Rxe2 Rxf1+ 26. Kxf1 Rf8+ 27. Rf2 Rc8 28. Nd5 Bxd5 29. cxd5 Rc4 30. Bxb6 Rxb4 31. Be3 Rb1+ 32. Ke2 Rb5 33. Kf3 Rxd5 34. Rd2 Rxd2 35. Bxd2 Kf7 36. Ke4 Ke6 37. Bc3 d5+ 38. Kd3 Bd6 39. g3 h5 40. Bd4 Kf5 41. Bg1 Be5 42. Bd4 Bc7 43. Bg1 Kg4 44. Kd4 Bb6+ 45. Kxd5 Bxg1 46. Kc6 Bxh2 47. Kb6 Bxg3 48. Kxa6 h4 49. a4 h3 50. Kb7 h2 51. a5 h1=Q+ 52. Ka6 Qa8+ 53. Kb5 Bc7 54. a6 Qa7 0-1


[Site "https://www.chess.com"]

[Event "Titled Tuesday Blitz May 10 Late 2022"]
[White "Weber, Samuel"]
[Black "Sargsyan, Anna M."]
[WhiteFideId "12924008"]
[BlackFideId "13308130"]
[WhiteElo "2215"]
[BlackElo "2271"]
[Result "1/2-1/2"]
[Round "05"]
[TimeControl "180+1"]
[Date "2022.05.11"]
[WhiteClock "0:00:08"]
[BlackClock "0:00:08"]

1. b3 e5 2. Bb2 Nc6 3. e3 Nf6 4. Ne2 d5 5. d3 Bd6 6. Nd2 Qe7 7. g3 O-O 8. Bg2 Be6 9. O-O Rad8 10. h3 Rfe8 11. Kh2 h6 12. a3 e4 13. d4 g5 14. c4 Qf8 15. cxd5 Bxd5 16. Nc3 Ne7 17. Nxd5 Nexd5 18. Qc2 Qe7 19. b4 c6 20. Nc4 Bb8 21. Ne5 Nd7 22. Bxe4 Nxe5 23. dxe5 Bxe5 24. Bg2 Qf6 25. Bxe5 Rxe5 26. Rad1 Rde8 27. Bxd5 cxd5 28. Kg2 Kg7 29. Rd4 R8e7 30. Qc5 b6 31. Qc2 Rf5 32. Rc1 Qe6 33. Qd2 Qf6 34. Rxd5 Ree5 35. Rxe5 Rxe5 36. Qd4 a5 37. bxa5 Rxa5 38. Qxf6+ Kxf6 39. Rc3 Kg7 40. Kf3 Ra4 41. Ke2 b5 42. Rb3 Kg6 43. Kd3 h5 44. Kc3 f5 45. Kb2 Ra5 46. Rb4 Kf6 47. Kb3 Ke5 48. f4+ gxf4 49. exf4+ Kf6 50. Rd4 Ke6 51. Rd8 Ra4 52. Rb8 Rd4 53. Rc8 Rd3+ 54. Rc3 Rd4 55. Re3+ Kf6 56. Kc3 Rc4+ 57. Kb2 h4 58. gxh4 Rxf4 59. Rb3 Rxh4 60. Rxb5 Rxh3 61. a4 Rh8 62. a5 f4 63. Kc2 Ra8 64. Kd2 Ke6 65. Ke2 Kd6 66. Kf3 Kc6 67. Rh5 Rf8 68. a6 Kb6 69. Rh6+ Ka7 70. Re6 Rf5 71. Ke4 Ra5 72. Kxf4 Rxa6 73. Rxa6+ Kxa6 1/2-1/2


[Site "https://www.chess.com"]

[Event "Titled Tuesday Blitz May 10 Late 2022"]
[White "Wieczorek, Oskar"]
[Black "Bouget, Alexandre"]
[WhiteFideId "1133950"]
[BlackFideId "681318"]
[WhiteElo "2330"]
[BlackElo "2182"]
[Result "1-0"]
[Round "05"]
[TimeControl "180+1"]
[Date "2022.05.11"]
[WhiteClock "0:00:32"]
[BlackClock "0:00:02"]

1. e4 e6 2. d4 d5 3. Nd2 Nf6 4. e5 Nfd7 5. f4 c5 6. c3 Nc6 7. Ndf3 Qb6 8. a3 a5 9. b3 f6 10. Bd3 Be7 11. h4 O-O 12. Ne2 Kh8 13. Bb1 cxd4 14. cxd4 fxe5 15. fxe5 Qa6 16. Qc2 g6 17. h5 Rf5 18. hxg6 Nf8 19. Ng3 Nxg6 20. Nxf5 exf5 21. Qd2 Bf8 22. Qg5 Nce7 23. Qh5 h6 24. Bxh6 Kg8 25. Bg5 Kf7 26. Bxe7 Kxe7 27. Bxf5 1-0


[Site "https://www.chess.com"]

[Event "Titled Tuesday Blitz May 10 Late 2022"]
[White "Xiong, Jeffery"]
[Black "Moussard, Jules"]
[WhiteFideId "2047640"]
[BlackFideId "642908"]
[WhiteElo "2727"]
[BlackElo "2589"]
[Result "1-0"]
[Round "05"]
[TimeControl "180+1"]
[Date "2022.05.10"]
[WhiteClock "0:00:31"]
[BlackClock "0:00:10"]

1. d4 d5 2. Nf3 e6 3. c4 a6 4. Bg5 Be7 5. Bxe7 Qxe7 6. Nbd2 Nf6 7. g3 O-O 8. Bg2 b6 9. O-O Bb7 10. Rc1 Rc8 11. cxd5 exd5 12. Nb1 Nbd7 13. Nc3 c5 14. Re1 c4 15. a4 Re8 16. Nd2 Rac8 17. b3 cxb3 18. Qxb3 Qd6 19. e3 Rc7 20. Rc2 Rec8 21. Rec1 g6 22. Bf3 Kg7 23. Be2 h5 24. Nf3 Ne4 25. Nxe4 dxe4 26. Nd2 Bd5 27. Qb2 a5 28. Bc4 Nf6 29. Bxd5 Rxc2 30. Rxc2 Rxc2 31. Qxc2 Qxd5 32. Qb1 Qc6 33. h3 Qxa4 34. Qxb6 Qd1+ 35. Nf1 a4 36. Qa5 h4 37. gxh4 Qf3 38. Qxa4 Qxh3 39. Qd1 Ng4 40. Qc2 Nf6 41. Qc7 Qxh4 42. Qe5 Qh5 43. Qc7 Qg4+ 44. Ng3 Qe6 45. Qf4 Qd5 46. Kg2 g5 47. Nf5+ Kg6 48. Ne7+ Kg7 49. Qxf6+ Kxf6 50. Nxd5+ Ke6 51. Nc3 f5 52. Kg3 Kf6 53. Nxe4+ fxe4 54. Kg4 Kg6 55. d5 Kf6 56. d6 Ke6 57. Kxg5 Kxd6 58. Kf4 Kd5 59. Kf5 1-0


[Site "https://www.chess.com"]

[Event "Titled Tuesday Blitz May 10 Late 2022"]
[White "Yedidia, Daniel"]
[Black "Demchenko, Anton"]
[WhiteFideId "30905907"]
[BlackFideId "4160258"]
[WhiteElo "2618"]
[BlackElo "2539"]
[Result "0-1"]
[Round "05"]
[TimeControl "180+1"]
[Date "2022.05.10"]
[WhiteClock "0:00:03"]
[BlackClock "0:00:05"]

1. d4 Nf6 2. c4 e6 3. Nc3 Bb4 4. e3 d5 5. Bd3 O-O 6. Nf3 Nc6 7. O-O dxc4 8. Bxc4 Bd6 9. e4 e5 10. d5 Ne7 11. Bg5 Ng6 12. Be2 a6 13. Nd2 h6 14. Be3 Nh7 15. Nc4 Qf6 16. a4 Ng5 17. Bg4 Nf4 18. Bxc8 Raxc8 19. Qg4 Bb4 20. Nxe5 Qxe5 21. Bxf4 Qe7 22. Bxg5 Qxg5 23. Qxg5 hxg5 24. Rac1 g4 25. Rfe1 Rfe8 26. Re3 c6 27. Rd1 Bxc3 28. bxc3 cxd5 29. Rxd5 Rc4 30. Rd4 Rec8 31. g3 Kf8 32. e5 Ke7 33. Red3 R8c7 34. Kf1 Ke6 35. Rd6+ Kxe5 36. R3d5+ Ke4 37. Rd4+ Rxd4 38. Rxd4+ Kf5 39. Rf4+ Kg5 40. Ke2 f5 41. Kd3 Rd7+ 42. Rd4 Re7 43. Rd6 g6 44. Rb6 Rh7 45. c4 Rxh2 46. Rxb7 Rxf2 47. c5 Rf3+ 48. Kd4 Rxg3 49. c6 Rg1 50. Rb3 Re1 51. c7 Rd1+ 52. Ke3 Rc1 53. Rb7 g3 54. Kf3 Rc3+ 55. Kg2 Kg4 56. Rb4+ f4 57. Rb6 Rc2+ 58. Kg1 Rxc7 59. Rxg6+ Kf3 0-1


[Site "https://www.chess.com"]

[Event "Titled Tuesday Blitz May 10 Late 2022"]
[White "Zhou, Qiyu"]
[Black "Rorrer, Grayson"]
[WhiteFideId "505161"]
[BlackFideId "30944996"]
[WhiteElo "1925"]
[BlackElo "2122"]
[Result "1/2-1/2"]
[Round "05"]
[TimeControl "180+1"]
[Date "2022.05.10"]
[WhiteClock "0:00:06"]
[BlackClock "0:00:03"]

1. e4 e5 2. Nf3 Nc6 3. Bb5 a6 4. Ba4 g6 5. O-O Bg7 6. c3 Nge7 7. d4 exd4 8. cxd4 b5 9. Bc2 O-O 10. a3 d6 11. Bg5 h6 12. Be3 Bg4 13. Nc3 Bxf3 14. gxf3 f5 15. f4 Kh7 16. Kh1 Qd7 17. Ne2 Rae8 18. Ng3 fxe4 19. Bxe4 d5 20. Bg2 Nd8 21. Qd2 Nf5 22. Rac1 c6 23. Rfe1 Nd6 24. b3 Re7 25. Qd3 Ne6 26. Bh3 Nxf4 27. Bxf4 Rxe1+ 28. Rxe1 Qxh3 29. Qd2 Nf5 30. Nxf5 Qxf5 31. Bg3 Qf3+ 32. Kg1 Qxb3 33. Re3 Qb1+ 34. Kg2 Qf5 35. Re7 Rf7 36. Re3 Qg4 37. Rd3 h5 38. h4 Bh6 39. Qc2 Qe4+ 40. Kh2 Rf3 41. Rc3 Rxc3 42. Qxc3 Qe6 43. Qc5 Bg7 44. Qa7 Kg8 45. Qa8+ Kf7 46. Qa7+ Kf8 47. Qa8+ Ke7 48. Qa7+ Qd7 49. Qxa6 Bxd4 50. Qa5 c5 51. Qa6 c4 52. Qxg6 Qg4 53. Qc6 Qd7 54. Qg6 Qe6 55. Qh7+ Kd8 56. Qxh5 Bf6 57. Qh7 d4 58. Qc7+ Ke8 59. Qb8+ Kf7 60. Qb7+ Be7 61. Qxb5 d3 62. Qh5+ Kf8 63. Qh8+ Kf7 64. Qh5+ Qg6 65. Qd5+ Qe6 66. Qh5+ 1/2-1/2


[Site "https://www.chess.com"]

[Event "Titled Tuesday Blitz May 10 Late 2022"]
[White "Adla, Diego"]
[Black "Simonovic, Miroslav"]
[WhiteFideId "100072"]
[BlackFideId "919152"]
[WhiteElo "2377"]
[BlackElo "2043"]
[Result "1-0"]
[Round "06"]
[TimeControl "180+1"]
[Date "2022.05.11"]
[WhiteClock "0:00:13"]
[BlackClock "0:00:13"]

1. e4 c5 2. Nf3 Nc6 3. d4 cxd4 4. Nxd4 e5 5. Nb5 d6 6. N1c3 a6 7. Na3 b5 8. Nd5 Nf6 9. Nxf6+ Qxf6 10. Bd3 Be7 11. O-O O-O 12. c4 b4 13. Nc2 Rb8 14. b3 Qg6 15. a3 a5 16. axb4 Nxb4 17. Nxb4 axb4 18. f4 Bg4 19. Qe1 exf4 20. Bxf4 Bf6 21. Ra6 Bh3 22. Qg3 Bd4+ 23. Kh1 Qxg3 24. Bxg3 Be6 25. Bxd6 Ra8 26. Rxa8 Rxa8 27. Rb1 Bc3 28. h3 Rd8 29. c5 Bd7 30. Bc4 Bc6 31. Bd5 Bb5 32. Rc1 h6 33. Rc2 Be1 34. Ra2 Bd7 35. Ra8 Rxa8 36. Bxa8 f5 37. c6 Bc8 38. Bb7 Be6 39. exf5 Bxf5 40. c7 Bc3 41. c8=Q+ Bxc8 42. Bxc8 Kf7 43. Bd7 Kf6 44. g3 g5 45. Kg2 h5 46. Kf3 Be1 47. g4 hxg4+ 48. hxg4 Bc3 49. Ke4 Kg6 50. Be5 Bd2 51. Bf5+ Kf7 52. Kd5 Be1 53. Kc4 Ke7 54. Bd4 Kd6 55. Bc5+ Ke5 56. Bxb4 Bf2 57. Bd2 Ba7 58. Bxg5 Bb8 59. Bh4 Ba7 60. Bg3+ Kf6 61. Bf4 Kf7 62. Be4 Kg7 63. g5 Kf7 64. Bf5 Kg7 65. Be5+ Kf7 66. g6+ Kg8 67. Be6+ Kf8 68. Bf6 Bd4 69. g7+ Ke8 70. g8=Q# 1-0


[Site "https://www.chess.com"]

[Event "Titled Tuesday Blitz May 10 Late 2022"]
[White "Aksu, Vedat Ali"]
[Black "Atanejhad, Sahebali"]
[WhiteFideId "6304320"]
[BlackFideId "12506664"]
[WhiteElo "2201"]
[BlackElo "1953"]
[Result "0-1"]
[Round "06"]
[TimeControl "180+1"]
[Date "2022.05.11"]
[WhiteClock "0:01:45"]
[BlackClock "0:01:41"]

1. Nf3 Nf6 2. c4 c5 3. Nc3 g6 4. b3 Bg7 5. Bb2 O-O 6. e3 Ne4 7. Qc1 Nxc3 8. Bxc3 Nc6 9. Bxg7 Kxg7 10. h4 h5 11. a3 d5 12. cxd5 Qxd5 13. Qc3+ f6 14. Bc4 Qd6 15. Rh3 Bg4 16. Rg3 a6 17. Qc2 b5 18. Be2 Rad8 19. Rc1 c4 20. bxc4 Qxa3 21. cxb5 Nb4 22. Qb1 axb5 23. Nd4 e5 24. Bxg4 exd4 25. Bxh5 Nd3+ 26. Kf1 Qxc1+ 27. Qxc1 Nxc1 28. Rxg6+ Kh7 29. Rg4 dxe3 30. dxe3 Rd1# 0-1


[Site "https://www.chess.com"]

[Event "Titled Tuesday Blitz May 10 Late 2022"]
[White "Alekseenko, Kirill"]
[Black "Rosen, Eric"]
[WhiteFideId "4135539"]
[BlackFideId "2032562"]
[WhiteElo "2682"]
[BlackElo "2362"]
[Result "1-0"]
[Round "06"]
[TimeControl "180+1"]
[Date "2022.05.10"]
[WhiteClock "0:01:56"]
[BlackClock "0:00:13"]

1. e4 c5 2. Nf3 Nc6 3. d4 cxd4 4. Nxd4 g6 5. c4 Bg7 6. Be3 Nf6 7. Nc3 O-O 8. Be2 d6 9. O-O Bd7 10. Rc1 Nxd4 11. Bxd4 Bh6 12. f4 e5 13. fxe5 Bxc1 14. Qxc1 dxe5 15. Bxe5 Ng4 16. Bxg4 Bxg4 17. Bf6 Qb6+ 18. Kh1 Bf5 19. Nd5 Qxf6 20. Nxf6+ Kg7 21. Rxf5 Rfd8 22. Rf1 1-0


[Site "https://www.chess.com"]

[Event "Titled Tuesday Blitz May 10 Late 2022"]
[White "Ardila, Oscar Humberto"]
[Black "Constantinou, Peter"]
[WhiteFideId "4404742"]
[BlackFideId "413038"]
[WhiteElo "1928"]
[BlackElo "2230"]
[Result "1-0"]
[Round "06"]
[TimeControl "180+1"]
[Date "2022.05.11"]
[WhiteClock "0:00:29"]
[BlackClock "0:01:02"]

1. d4 g6 2. c4 Bg7 3. Nc3 d6 4. Nf3 e5 5. d5 f5 6. e4 Nf6 7. Bd3 O-O 8. Bg5 Nbd7 9. Qc2 f4 10. O-O-O h6 11. Bxf6 Qxf6 12. Kb1 a5 13. Na4 b6 14. h3 g5 15. Be2 Nc5 16. Nxc5 bxc5 17. Ka1 a4 18. a3 Bd7 19. Nd2 Rfb8 20. Bg4 Qd8 21. Bxd7 Qxd7 22. Qd3 Qc8 23. Qf3 Qb7 24. Rb1 Qc8 25. Qh5 Qe8 26. Qg4 Qf7 27. h4 Qg6 28. hxg5 Qxg5 29. Qe6+ Kh8 30. Rbg1 Re8 31. Qd7 Re7 32. Qh3 Rb8 33. Nf3 Qf6 34. Qg4 Rg8 35. Rh5 Bf8 36. Qh3 Rg6 37. Rf5 Qg7 38. Rh1 Rf7 39. Nh4 Rg5 40. Rxf7 Qxf7 41. Qc8 Kh7 42. f3 Rh5 43. Rh3 Rg5 44. Ka2 Rg8 45. Qa6 Qd7 46. Rh2 Rg5 47. Nf5 h5 48. Qa8 Bg7 49. Qa6 Kg6 50. Qa8 Kh7 51. Qb8 Bh6 52. Qb5 Qxb5 53. cxb5 Bf8 54. b3 axb3+ 55. Kxb3 Kg6 56. a4 Kf6 57. a5 Be7 58. a6 1-0


[Site "https://www.chess.com"]